 Dungeon Crawl Stone Soup version 0.29-a0-563-g64e4043184 (webtiles) character file.

Game seed: 1091249961840723115

426 Patoropollo the Skirmisher (level 6, -2/51 HPs)
             Began as a Barachi Fighter on June 11, 2022.
             Succumbed to a killer bee's poison
             ... on level 5 of the Dungeon.
             The game lasted 00:06:52 (3870 turns).

Patoropollo the Skirmisher (Barachi Fighter)        Turns: 3870, Time: 00:06:52

Health: -2/51      AC: 17    Str: 17    XL:     6   Next: 97%
Magic:  6/6        EV:  5    Int:  9    God:
Gold:   240        SH: 10    Dex: 13    Spells: 5/5 levels left

rFire   . . .      SeeInvis .   a - +0 long sword
rCold   . . .      Faith    .   c - +0 buckler
rNeg    . . .      Spirit   .   v - +0 plate armour
rPois   .          Reflect  +   (no helmet)
rElec   .          Harm     .   (no cloak)
rCorr   .          Rampage  .   u - +0 pair of gloves
Will    .....                   (no boots)
Stlth   ..........              m - amulet of reflection
HPRegen 0.17/turn               q - +4 ring of protection
MPRegen 0.10/turn               (no ring)

@: mighty, lethally poisoned (-2 -> -13), attractive, slow
A: amphibious, slowness 1, strong legs 1, +LOS
a: Hop


You were on level 5 of the Dungeon.
You visited 1 branch of the dungeon, and saw 5 of its levels.

You collected 240 gold pieces.

Inventory:

Hand Weapons
 a - a +0 long sword (weapon)
Armour
 c - a +0 buckler (worn)
 u - a +0 pair of gloves (worn)
 v - a +0 plate armour (worn)
Jewellery
 b - an amulet of regeneration
 m - an amulet of reflection (around neck)
 q - a +4 ring of protection (left hand)
Wands
 r - a wand of flame (4)
 y - a wand of acid (13)
Scrolls
 g - 4 scrolls of identify {unknown}
 j - a scroll of acquirement {unknown}
 k - 2 scrolls of teleportation {unknown}
 l - a scroll of fear {unknown}
 n - a scroll of immolation {unknown}
 o - a scroll of enchant armour {unknown}
 z - a scroll of amnesia {unknown}
 A - a scroll of vulnerability {unknown}
Potions
 d - 3 potions of might
 e - a potion of heal wounds {unknown}
 f - a potion of magic {unknown}
 h - 3 potions of attraction
 i - 3 potions of invisibility {unknown}
 p - a potion of flight {unknown}
 s - 3 potions of curing {unknown}
 t - a potion of lignification {unknown}
 w - 2 potions of mutation {unknown}
 x - a potion of degeneration {unknown}


   Skills:
 + Level 5.5 Fighting
 + Level 4.7 Long Blades
 + Level 5.4 Armour
 + Level 5.0 Shields


You had 5 spell levels left.
You didn't know any spells.
Your spell library was empty.

Dungeon Overview and Level Annotations

Branches:
Dungeon (5/15)
 Temple: D:4-7

Altars:
Nemelex Xobeh

Shops:
D:1 *   D:4 [


Innate Abilities, Weirdness & Mutations

You are amphibious.
You cover ground slowly.
You can hop short distances.
You have an extended range of vision and can be seen from far away.


Message History

The killer bee stings you but does no damage.
You block the killer bee's attack.
You hit the killer bee but do no damage.
The killer bee is moderately wounded.
The killer bee stings you. You block the killer bee's attack.
You hit the killer bee.
The killer bee is severely wounded.
You block the killer bee's attack. The killer bee stings you.
You are poisoned.
The killer bee poisons you! The killer bee barely misses you.
You hit the killer bee.
You kill the killer bee!
You feel sick. The killer bee stings you!
You are more poisoned.
The killer bee poisons you!
You closely miss the killer bee.
You feel very sick.
The killer bee stings you but does no damage.
The killer bee completely misses you.
You miss the killer bee.
You feel very sick. The killer bee stings you.
* * * LOW HITPOINT WARNING * * *
The killer bee stings you but does no damage.
The killer bee stings you.
* * * LOW HITPOINT WARNING * * *
Okay, then.
You feel very mighty all of a sudden.
You feel sick. The killer bee barely misses you.
You block the killer bee's attack.
You slash the killer bee!
You kill the killer bee!
You feel sick. The killer bee stings you!
* * * LOW HITPOINT WARNING * * *
You are more poisoned.
The killer bee poisons you!
Your Shields skill increases to level 5!
It was a potion of attraction.
You feel attractive to monsters.
You die...

... ...
#.# ...
#.# ..
#.##..
#.#.. #
#.#..
##.###.#y#
#.....<#y#
##.....#@#
#.##....#
#.......#
###.#.#.#
#...#.#
#.###.# ..
..# .# ...
#. ###


You could see 2 killer bees.

Vanquished Creatures
  An ogre (D:4)
  3 killer bees (D:5)
  An iguana (D:4)
  Ijyb (D:3)
  2 gnolls (D:1)
  3 adders
  4 dart slugs
  12 orcs
  6 bats
  5 endoplasms
  13 giant cockroaches
  4 goblins
  5 hobgoblins
  4 jackals (D:3)
  4 kobolds
  4 quokkas
  5 ball pythons
  6 frilled lizards
  3 rats
86 creatures vanquished.

Vanquished Creatures (others)
  3 plants (D:1)
3 creatures vanquished.

Grand Total: 89 creatures vanquished

Notes
Turn   | Place    | Note
-------+----------+-------------------------------------------
     0 | D:1      | Patoropollo the Barachi Fighter began the quest for the
                  | Orb.
     0 | D:1      | Reached XP level 1. HP: 18/18 MP: 1/1
    48 | D:1      | Reached XP level 2. HP: 14/25 MP: 2/2
   261 | D:1      | Reached XP level 3. HP: 30/30 MP: 3/3
   832 | D:1      | Found Inlaiguo's General Store.
  1246 | D:2      | Reached XP level 4. HP: 33/37 MP: 4/4
  2098 | D:3      | Reached XP level 5. HP: 41/43 MP: 5/5
  2464 | D:3      | Found a faded altar of an unknown god.
  2468 | D:3      | Noticed Ijyb
  2486 | D:3      | Killed Ijyb
  2790 | D:4      | Noticed an ogre
  2806 | D:4      | Killed an ogre
  2807 | D:4      | Reached skill level 5 in Fighting
  2807 | D:4      | Reached skill level 5 in Armour
  2807 | D:4      | Reached XP level 6. HP: 12/51 MP: 6/6
  3479 | D:4      | Found Ojous's Antique Armour Shoppe.
  3825 | D:4      | Found a sparkling altar of Nemelex Xobeh.
  3843 | D:5      | Entered Level 5 of the Dungeon
  3869 | D:5      | HP: 1/51 [killer bee (7)]
  3870 | D:5      | Reached skill level 5 in Shields
  3870 | D:5      | Succumbed to a killer bee's poison

Illustrated notes

Levels and vault maps discovered:
D:1:      nicolae_arrival_memento_mori, layout_rooms, serial_shops, shop,
          serial_forest, infiniplex_forest_clump_medium,
          infiniplex_forest_clump_long, infiniplex_forest_end_1,
          infiniplex_forest_lined_3_way, infiniplex_forest_3_way,
          infiniplex_forest_end_1, infiniplex_forest_zigzag_1
D:2:      minmay_roachtagon, layout_rooms, grunt_ministairs_10
D:3:      layout_basic, chequers_ecumenical_altar_simple_redux, uniq_ijyb
D:4:      layout_basic, kennysheep_mini_moat, serial_shops,
          nicolae_lakefront_shop
D:5:      layout_basic, uniq_grinder

Skill      XL: |  1  2  3  4  5  6 |
---------------+-------------------+-----
Fighting       | 4 5 |  5.5
Armour         | 4 5 |  5.4
Long Blades    | 3 4 |  4.7
Shields        | 4 5 |  5.0

Action                   |  1- 3 |  4- 6 || total
-------------------------+-------+-------++-------
Melee: Long sword        |    97 |   229 ||   326
  Use: Potion            |       |     2 ||     2
Armor: Scale mail        |    46 |   102 ||   148
       Plate armour      |       |    43 ||    43
Dodge: Dodged            |    55 |    91 ||   146
Block: Buckler           |    34 |   137 ||   171
       Reflection        |       |     2 ||     2

Table legend: (Time is in decaauts)
 A = Elapsed time spent in this place.
 B = Non-inter-level travel time spent in this place.
 C = Inter-level travel time spent in this place.
 D = Time resting spent in this place.
 E = Time spent auto-exploring this place.
 F = Levels seen in this place.
 G = Mean time per level.
                   A        B        C        D        E       F      G
               +--------+--------+--------+--------+--------+-----+--------+
         Total |   4423 |   4348 |     75 |      0 |   3563 |   5 |  884.6 |
       Dungeon |   4423 |   4348 |     75 |      0 |   3563 |   5 |  884.6 |
               +--------+--------+--------+--------+--------+-----+--------+

Top non-repeatable levels by time:
     D:1: 1269 daAuts
     D:4: 1216 daAuts
     D:2: 957 daAuts
     D:3: 948 daAuts
     D:5: 32 daAuts
